 Dungeon Crawl Stone Soup version 0.29-a0-648-g6b26cc9f40 (webtiles) character file.

Game seed: 5456326704338605095

855059 vineage the Conqueror (level 27, -9/199 HPs)
             Began as a Gargoyle Fighter on June 20, 2022.
             Was the Champion of the Shining One.
             Killed by divine providence
             ... invoked by a daeva
              (12 damage)
             ... in Pandemonium.
             The game lasted 02:40:32 (64984 turns).

vineage the Conqueror (Gargoyle Fighter)           Turns: 64984, Time: 02:40:33

Health: -9/199     AC: 66    Str: 39    XL:     27
Magic:  26/29      EV: 20    Int:  5    God:    the Shining One [******]
Gold:   8529       SH: 27    Dex: 26    Spells: 26/26 levels left

rFire   + + +      SeeInvis +   W - +9 eveningstar of Pioch {vorpal, rC+ rN+ Int+2 Stlth-}
rCold   + + .      Faith    .   r - +1 buckler of Perpetual Drought {Fly rElec Regen+ Dex+7}
rNeg    + + +      Spirit   .   Y - +9 gold dragon scales of Baatzufral {Rampage *Slow rPois rF+ rC+ Will+ Str+5}
rPois   ∞          Reflect  .   y - +2 hat
rElec   +          Harm     .   U - +1 cloak "Pothret" {rF+ Will- SInv}
rCorr   +          Rampage  +   N - +3 pair of gauntlets of War {Slay+5}
Will    +++++      Rage     9%  Q - +4 pair of boots of Xaus {rF+ Will+ rCorr Int-4}
Stlth   ..........              (no amulet)
HPRegen 1.23/turn               w - ring of Geirphul {Contam rPois Will+ Str+6 Dex+4}
MPRegen 0.21/turn               j - ring "Loets" {EV+4 Str+4 Dex+4}

@: divinely shielded, flying, glowing, studying 2 skills, unable to read
A: sickness immunity, AC +20, big wings, negative energy resistance 1,
electricity resistance, torment resistance 1, petrification resistance, berserk
3, clumsy 2, deformed body, deterioration 1, dopey 2, low MP 2, strong-willed 1,
weak 1, no potion heal 2, inability to read while threatened
}: 10/15 runes: barnacled, slimy, silver, abyssal, demonic, glowing, magical,
fiery, dark, gossamer
a: Renounce Religion, Divine Shield, Cleansing Flame, Summon Divine Warrior


You were in Pandemonium.
You worshipped the Shining One.
The Shining One was exalted by your worship.
You visited 11 branches of the dungeon, and saw 52 of its levels.
You visited Pandemonium 1 time, and saw 13 of its levels.
You visited the Abyss 1 time.
You also visited: Ossuary.

You collected 12770 gold pieces.
You spent 4241 gold pieces at shops.

Inventory:

Hand Weapons
 A - a +9 sacred scourge of holy wrath
 W - the +9 eveningstar of Pioch (weapon) {vorpal, rC+ rN+ Int+2 Stlth-}
   (Okawaru gifted it to you on level 4 of the Spider Nest)

   It inflicts extra damage upon your enemies.
   Int:       It affects your intelligence (+2).
   rC:        It protects you from cold.
   rN:        It protects you from negative energy.
   Stlth:     It makes you less stealthy.
Missiles
 b - 6 throwing nets (quivered)
Armour
 k - the +1 pair of boots of Responsibility {rElec Slay+2}
   (Okawaru gifted it to you on level 3 of the Vaults)

   Slay:      It affects your accuracy & damage with ranged weapons and melee
   (+2).
   rElec:     It insulates you from electricity.
 r - the +1 buckler of Perpetual Drought (worn) {Fly rElec Regen+ Dex+7}
   (You acquired it on level 7 of the Dungeon)

   Dex:       It affects your dexterity (+7).
   rElec:     It insulates you from electricity.
   Fly:       It grants you flight.
   Regen:     It increases your rate of health regeneration.
 y - a +2 hat (worn)
 E - a scarf of repulsion
 N - the +3 pair of gauntlets of War (worn) {Slay+5}
   (You bought it in a shop on level 10 of the Dungeon)

   Slay:      It affects your accuracy & damage with ranged weapons and melee
   (+5).
 Q - the +4 pair of boots of Xaus (worn) {rF+ Will+ rCorr Int-4}
   (You found it on level 4 of the Spider Nest)

   Int:       It affects your intelligence (-4).
   rF:        It protects you from fire.
   rCorr:     It protects you from acid and corrosion.
   Will:      It increases your willpower.
 T - the +2 scale mail of the Quahog {Will++ rCorr}
   (You found it in Pandemonium)

   rCorr:     It protects you from acid and corrosion.
   Will:      It greatly increases your willpower.
 U - the +1 cloak "Pothret" (worn) {rF+ Will- SInv}
   (You bought it in a shop on level 2 of the Orcish Mines)

   rF:        It protects you from fire.
   SInv:      It lets you see invisible.
   Will:      It decreases your willpower.
 V - the -2 pair of boots of the Great Game {Will+ Dex+3 Stlth+}
   (You bought it in a shop on level 2 of the Orcish Mines)

   Dex:       It affects your dexterity (+3).
   Will:      It increases your willpower.
   Stlth:     It makes you more stealthy.
 X - the +0 cloak of Fuash {Dex+6 Stlth+}
   (You found it on level 2 of the Crypt)

   Dex:       It affects your dexterity (+6).
   Stlth:     It makes you more stealthy.
 Y - the +9 gold dragon scales of Baatzufral (worn) {Rampage *Slow rPois rF+ rC+ Will+ Str+5}
   (Okawaru gifted it to you on level 1 of the Spider Nest)

   Str:       It affects your strength (+5).
   rF:        It protects you from fire.
   rC:        It protects you from cold.
   rPois:     It protects you from poison.
   *Slow:     It may slow you when you take damage.
   Rampage:   It bestows one free step when moving towards enemies.
   Will:      It increases your willpower.
Jewellery
 d - the ring "Unioh" {Ice rElec rPois Will+}
   (You took it off a deep elf death mage on level 3 of the Elven Halls)

   [ring of ice]

   It enhances your ice magic.
   rF:        It makes you vulnerable to fire.
   rC:        It protects you from cold.
   rElec:     It insulates you from electricity.
   rPois:     It protects you from poison.
   Will:      It increases your willpower.
 i - the ring of Hete {rElec rN+ Will- AC+4 Str+8}
   (You took it off a yaktaur captain on level 5 of the Vaults)

   [ring of protection]

   AC:        It affects your AC (+4).
   Str:       It affects your strength (+8).
   rElec:     It insulates you from electricity.
   rN:        It protects you from negative energy.
   Will:      It decreases your willpower.
 j - the ring "Loets" (right hand) {EV+4 Str+4 Dex+4}
   (You found it on level 5 of the Pits of Slime)

   [ring of evasion]

   EV:        It affects your evasion (+4).
   Str:       It affects your strength (+4).
   Dex:       It affects your dexterity (+4).
 n - the ring of Nobility {Fly rF- Str+2 Slay+3 SInv}
   (You found it on level 4 of the Dungeon)

   [ring of see invisible]

   Str:       It affects your strength (+2).
   Slay:      It affects your accuracy & damage with ranged weapons and melee
   (+3).
   rF:        It makes you vulnerable to fire.
   SInv:      It lets you see invisible.
   Fly:       It grants you flight.
 q - the ring "Voyjus" {Contam rF+ Str+2 Dex+6}
   (You bought it in a shop on level 9 of the Dungeon)

   [ring of dexterity]

   Str:       It affects your strength (+2).
   Dex:       It affects your dexterity (+6).
   rF:        It protects you from fire.
   Contam:    It causes magical contamination when unequipped.
 w - the ring of Geirphul (left hand) {Contam rPois Will+ Str+6 Dex+4}
   (You found it on level 3 of the Elven Halls)

   [ring of strength]

   Str:       It affects your strength (+6).
   Dex:       It affects your dexterity (+4).
   rPois:     It protects you from poison.
   Contam:    It causes magical contamination when unequipped.
   Will:      It increases your willpower.
 x - an amulet of the acrobat
 D - a ring of protection from cold
 K - the amulet "Idosmu Puets" {rElec Regen+}
   (You found it on level 6 of the Lair of Beasts)

   [amulet of regeneration]

   rElec:     It insulates you from electricity.
   Regen:     It increases your rate of health regeneration.
 L - an amulet of magic regeneration
 R - the amulet "Qeosar" {Acrobat rElec rC- Regen+}
   (You found it in Pandemonium)

   [amulet of the acrobat]

   It increases your evasion while moving and waiting.
   rC:        It makes you vulnerable to cold.
   rElec:     It insulates you from electricity.
   Regen:     It increases your rate of health regeneration.
Wands
 Z - a wand of digging (4)
Scrolls
 c - 8 scrolls of fear
 g - 22 scrolls of teleportation
 m - 8 scrolls of blinking
 o - 9 scrolls of amnesia
 u - 3 scrolls of enchant weapon
 v - 14 scrolls of enchant armour
 B - 6 scrolls of fog
 C - 5 scrolls of summoning
 I - 5 scrolls of magic mapping
 M - 8 scrolls of poison
 O - 7 scrolls of brand weapon
 S - 3 scrolls of silence
Potions
 a - 17 potions of ambrosia
 e - 10 potions of attraction
 f - 7 potions of berserk rage
 h - 18 potions of brilliance
 l - 6 potions of haste
 p - 25 potions of curing
 s - 7 potions of cancellation
 t - 3 potions of mutation
 z - 9 potions of lignification
 F - 4 potions of invisibility
 G - 4 potions of might
 H - 10 potions of heal wounds
 J - 4 potions of resistance
 P - 7 potions of magic


   Skills:
 O Level 27 Fighting
 O Level 27 Maces & Flails
 + Level 25.8 Armour
 + Level 9.3 Dodging
 + Level 25.9 Shields
 + Level 19.0 Invocations


You had 26 spell levels left.
You didn't know any spells.
Your spell library contained the following spells:

 Spells                   Type           Power      Damage    Failure   Level
 Apportation              Tloc           0%         N/A       91%         1
 Foxfire                  Conj/Fire      0%         2x1d4     91%         1
 Freeze                   Ice            0%         1d3       91%         1
 Magic Dart               Conj           0%         1d3       91%         1
 Necrotize                Necr           0%         1d4       91%         1
 Shock                    Conj/Air       0%         1d3       91%         1
 Summon Small Mammal      Summ           0%         N/A       91%         1
 Blink                    Tloc           0%         N/A       97%         2
 Call Imp                 Summ           0%         N/A       97%         2
 Ensorcelled Hibernation  Hex/Ice        0%         N/A       97%         2
 Passwall                 Tmut/Erth      0%         N/A       97%         2
 Poisonous Vapours        Pois/Air       0%         N/A       97%         2
 Searing Ray              Conj           0%         2d4       97%         2
 Static Discharge         Conj/Air       0%         N/A       97%         2
 Call Canine Familiar     Summ           0%         N/A       100%        3
 Confusing Touch          Hex            0%         N/A       100%        3
 Conjure Flame            Conj/Fire      0%         6-21      100%        3
 Dazzling Flash           Conj/Hex       0%         N/A       100%        3
 Frozen Ramparts          Ice            0%         1d2       100%        3
 Gell's Gravitas          Tloc           0%         N/A       100%        3
 Ignite Poison            Fire/Tmut/Pois 0%         N/A       100%        3
 Inner Flame              Hex/Fire       0%         N/A       100%        3
 Lesser Beckoning         Tloc           0%         N/A       100%        3
 Mephitic Cloud           Conj/Pois/Air  0%         N/A       100%        3
 Ozocubu's Armour         Ice            0%         N/A       100%        3
 Portal Projectile        Hex/Tloc       0%         N/A       100%        3
 Stone Arrow              Conj/Erth      0%         3d7       100%        3
 Summon Guardian Golem    Hex/Summ       0%         N/A       100%        3
 Swiftness                Air            0%         N/A       100%        3
 Teleport Other           Tloc           0%         N/A       100%        3
 Tukima's Dance           Hex            0%         N/A       100%        3
 Vampiric Draining        Necr           0%         2d6       100%        3
 Airstrike                Air            0%         N/A       100%        4
 Anguish                  Hex/Necr       0%         N/A       100%        4
 Animate Armour           Summ/Erth      0%         N/A       100%        4
 Cause Fear               Hex            0%         N/A       100%        4
 Corpse Rot               Necr/Pois/Air  0%         N/A       100%        4
 Dispel Undead            Necr           0%         3d6       100%        4
 Flame Wave               Conj/Fire      0%         2d4       100%        4
 Fulminant Prism          Conj/Hex       0%         3d6       100%        4
 Hailstorm                Conj/Ice       0%         3d3       100%        4
 Ice Form                 Ice/Tmut       0%         N/A       100%        4
 Iskenderun's Mystic Bla  Conj/Tloc      0%         2d3       100%        4
 Leda's Liquefaction      Hex/Erth       0%         N/A       100%        4
 Olgreb's Toxic Radiance  Pois           0%         N/A       100%        4
 Petrify                  Tmut/Erth      0%         N/A       100%        4
 Sticky Flame             Conj/Fire      0%         2d3       100%        4
 Summon Ice Beast         Ice/Summ       0%         N/A       100%        4
 Summon Lightning Spire   Summ/Air       0%         N/A       100%        4
 Agony                    Necr           0%         N/A       100%        5
 Alistair's Intoxication  Tmut/Pois      0%         N/A       100%        5
 Blade Hands              Tmut           0%         N/A       100%        5
 Borgnjor's Vile Clutch   Necr/Erth      0%         N/A       100%        5
 Fireball                 Conj/Fire      0%         3d3       100%        5
 Freezing Cloud           Conj/Ice/Air   0%         6-21      100%        5
 Irradiate                Conj/Tmut      0%         3d13      100%        5
 Iskenderun's Battlesphe  Conj           0%         2d6       100%        5
 Lightning Bolt           Conj/Air       0%         1d11      100%        5
 Manifold Assault         Tloc           0%         N/A       100%        5
 Metabolic Englaciation   Hex/Ice        0%         N/A       100%        5
 Silence                  Hex/Air        0%         N/A       100%        5
 Summon Forest            Summ/Tloc      0%         N/A       100%        5
 Yara's Violent Unravell  Hex/Tmut       0%         3d3       100%        5
 Conjure Ball Lightning   Conj/Air       0%         3x3d6     100%        6
 Death Channel            Necr           0%         N/A       100%        6
 Dispersal                Tloc           0%         N/A       100%        6
 Eringya's Noxious Bog    Tmut/Pois      0%         N/A       100%        6
 Iron Shot                Conj/Erth      0%         9d1       100%        6
 Simulacrum               Ice/Necr       0%         N/A       100%        6
 Starburst                Conj/Fire      0%         6d3       100%        6
 Dragon Form              Tmut           0%         N/A       100%        7
 Enfeeble                 Hex            0%         N/A       100%        7
 Orb of Destruction       Conj           0%         9d5       100%        7
 Ozocubu's Refrigeration  Ice            0%         4d5       100%        7
 Spellforged Servitor     Conj/Summ      0%         N/A       100%        7
 Storm Form               Tmut/Air       0%         N/A       100%        7
 Discord                  Hex            0%         N/A       100%        8
 Disjunction              Tloc           0%         N/A       100%        8
 Ignition                 Fire           0%         3d3       100%        8
 Lehudib's Crystal Spear  Conj/Erth      0%         10d2      100%        8
 Maxwell's Capacitive Co  Air            0%         ∞         100%        8
 Necromutation            Tmut/Necr      0%         N/A       100%        8
 Dragon's Call            Summ           0%         N/A       100%        9
 Polar Vortex             Ice            0%         N/A       100%        9
 Sublimation of Blood     Necr           Unusable   N/A       N/A         2
 Statue Form              Tmut/Erth      Unusable   N/A       N/A         6

Dungeon Overview and Level Annotations

Branches:
Dungeon (15/15)            Temple (1/1) D:4            Lair (6/6) D:8
 Shoals (4/4) Lair:3       Spider (4/4) Lair:2        Slime (5/5) Lair:6
    Orc (2/2) D:10            Elf (3/3) Orc:2        Vaults (5/5) D:13
  Crypt (3/3) Vaults:3       Tomb (0/3) Crypt:3      Depths (4/4) D:15
    Zot (0/5) Depths:4    Ossuary (visited)

Altars:
Ashenzari
Dithmenos
Fedhas
Kikubaaqudgha
Makhleb
Nemelex Xobeh
Okawaru
Qazlal
Ru
Sif Muna
Trog
Uskayaw
Vehumet
Xom
Yredelemnul
The Shining One
Beogh
Jiyva

Shops:
D:1 :   D:9 =   D:10 **   Orc:2 :?[?   Elf:1 (   Shoals:2 *([   Shoals:3 =
Shoals:4 :   Depths:4 !::=

Portals:
Hell: Depths:1 Depths:2 Depths:3 Depths:4
Abyss: Depths:3
Pandemonium: Depths:2
Ziggurat: Depths:3


Innate Abilities, Weirdness & Mutations

You are immune to sickness and miasma.
Your stone body is resilient. (AC +20)
You are immune to poison.
Your large and strong wings let you fly.
You resist negative energy. (rN+)
You are resistant to electric shocks. (rElec)
You are resistant to unholy torment.
You are immune to petrification.
You have an uncontrollable temper.
You are very clumsy. (Dex -4)
Armour fits poorly on your strangely shaped body.
Your body sometimes deteriorates upon taking damage.
You are very dopey. (Int -4)
Your magical capacity is very low. (-20% MP)
You are strong-willed. (Will+)
You are weak. (Str -2)
Potions cannot restore your health.
You sometimes lose the ability to read scrolls when taking damage.


Message History

Zin smites you! The daeva blocks your attack. The daeva completely misses you.
The daeva hits you but does no damage.
You bludgeon the daeva!!
The daeva is moderately wounded.
The daeva calls down the wrath of Zin upon you.
Zin smites you!
* * * LOW HITPOINT WARNING * * *
You sock the daeva!
The daeva is heavily wounded.
The daeva calls down the wrath of Zin upon you.
Zin smites you!
* * * LOW HITPOINT WARNING * * *
The daeva calls down the wrath of Zin upon you.
Zin smites you!
* * * LOW HITPOINT WARNING * * *
Your shield is strengthened by the Shining One's divine power.
You feel yourself speed up.
The daeva calls down the wrath of Zin upon you.
Zin smites you!
* * * LOW HITPOINT WARNING * * *
You block the daeva's attack.
The daeva hits you with a +2 eudemon blade of holy wrath!
* * * LOW HITPOINT WARNING * * *
You block the daeva's attack. x2
Okay, then.
You cannot read scrolls in your current state!
You have no ailments to cure.
You bludgeon the daeva!!
The daeva is severely wounded.
The daeva blocks your attack.
The daeva is severely wounded.
The daeva calls down the wrath of Zin upon you.
Zin smites you!
* * * LOW HITPOINT WARNING * * *
You completely miss the daeva.
The daeva is severely wounded.
The daeva calls down the wrath of Zin upon you.
Zin smites you!
You die...

***,,,,,,,,**#**
***,,,,,,,,,,,,..###
**,,,,,,,,,,,,,,,...####
*,,*,*#######*****#....#####
*,,,*##....#.,,,,,#.#......##
**,,*##..#...,,**,,#.##.......
**,,,*#!.....#,,,,,,#..)..)..#.
*,,,,*#......##############....
**,,,,##....)AA@.#.#.#)#.#.#.#..
*,,,,,#!._...###.'...)....†'....
*,,,,,##.........#.#.#.#.#.#.#..
*,,,,,*#......##############....
**,,,,,*#......#,,,,,,#........#.
*,,,*,,*##..#...,,**,,#.##.......
*,,**,,,*##....#.,,,,,*,#........
*,,**,,*,*#######*****#....####..
,,,,,,,,,,,,,,,,,,,,,,.....*,,###


You could see 2 daevas.

Vanquished Creatures
  Cerebov (Pan)
  the Royal Jelly (Arena)
  Gloorx Vloq (Pan)
  Mnoleg (Pan)
  Lom Lobon (Pan)
  2 dread liches
  3 ancient liches
  Mara (Depths:1)
  Sojobo (Crypt:3)
  Bai Suzhen (Shoals:4)
  2 curse toes (Crypt:3)
  Xtahua (Crypt:1)
  6 caustic shrikes
  3 bone dragons
  The ghost of kMk the Earth Mage, an adept OgCj of Vehumet (Shoals:4)
  4 golden dragons
  Nikola (Vaults:1)
  2 Brimstone Fiends (Pan)
  A pearl dragon (Abyss:3)
  Arachne (Spider:3)
  5 Tzitzimimeh (Pan)
  2 Ice Fiends (Pan)
  Zenata (Vaults:1)
  A hellephant (Abyss:3)
  2 tentacled monstrosities (Pan)
  Jorgrun (Orc:1)
  Asterion (Vaults:2)
  14 liches
  17 titans
  A walking divine tome (Depths:4)
  9 deep elf master archers
  10 deep elf blademasters
  4 pandemonium lords (Pan)
  21 acid blobs
  An eldritch tentacle (Pan)
  Polyphemus (Shoals:4)
  10 ancient champions
  4 storm dragons
  18 Executioners (Pan)
  4 tentacled starspawn
  6 sphinxes
  The ghost of Unats the Bludgeoner, an adept MiFi of the Shining One (Spider:4)
  Donald (Vaults:1)
  5 shadow dragons
  11 tengu reavers
  A fenstrider witch (shapeshifter) (Vaults:5)
  A draconian monk (Depths:4)
  Ilsuiw (Shoals:4)
  The ghost of Xyofuoq the Fighter, an adept GnIE of Okawaru (Spider:2)
  15 frost giants
  12 azure jellies
  3 demonspawn warmongers (Pan)
  5 daevas (Pan)
  9 rockslimes
  19 fire giants
  3 revenants
  6 iron dragons
  Louise (Shoals:4)
  13 cacodemons (Pan)
  3 emperor scorpions
  14 balrugs
  26 vault wardens
  8 deep elf sorcerers
  2 deep elf elementalists
  An orc warlord (Vaults:4)
  3 angels (Pan)
  A spriggan defender (Depths:3)
  7 ghost moths
  6 demonspawn corrupters (Pan)
  36 very ugly things
  A caustic shrike zombie (Depths:1)
  4 curse skulls
  3 draconian annihilators
  4 ophanim (Pan)
  2 draconian shifters
  14 quicksilver oozes
  26 ironbound preservers
  8 ghouls (Crypt:1)
  2 broodmothers
  2 war gargoyles
  3 ironbound thunderhulks
  8 reapers
  An apis (Pan)
  5 green draconians
  4 demonspawn black suns (Pan)
  41 stone giants
  6 vampire knights
  2 demonspawn blood saints (Pan)
  11 lorocyprocas (Pan)
  8 entropy weavers
  9 deep elf demonologists
  The ghost of Vudysif the Protected, a journeyman GrFi of Uskayaw (Orc:1)
  2 red draconians
  A black draconian (Vaults:3)
  4 purple draconians
  3 yellow draconians
  12 deep elf annihilators
  19 ettins
  2 crystal guardians
  10 dire elephants
  2 white draconians
  7 eidola
  10 fire dragons
  9 spark wasps
  18 blizzard demons
  2 mummy priests (Crypt:3)
  13 deep elf death magi
  13 yaktaur captains
  A spectral kraken (Shoals:4)
  A fenstrider witch zombie (Crypt:1)
  6 green deaths (Pan)
  13 jiangshi
  10 great orbs of eyes
  5 deep elf high priests
  4 merfolk javelineers
  10 merfolk impalers
  7 rakshasas
  37 vault guards
  Harold (Orc:1)
  A quicksilver dragon skeleton (Crypt:1)
  7 ice dragons
  9 hydras
  9 ironbound frosthearts
  10 ogre magi
  4 hell beasts
  5 boulder beetles
  A catoblepas (Shoals:4)
  3 radroaches (Spider:2)
  7 jorogumos
  2 juggernaut simulacra (Pan)
  7 merfolk avatars
  8 centaur warriors (Vaults:1)
  5 spriggan air magi
  3 peacekeepers
  2 alligator snapping turtles (Shoals:4)
  4 merfolk aquamancers (Shoals:4)
  A caustic shrike simulacrum (Crypt:1)
  The ghost of Haaias the Cleaver, a novice MiBe of Trog (D:9)
  30 dancing weapons
  A fenstrider witch skeleton (Pan)
  6 satyrs
  5 death knights
  3 thrashing horrors (Abyss:3)
  An azure jelly zombie (Crypt:3)
  12 death yaks
  11 deep troll earth magi
  22 two-headed ogres
  5 vampire magi
  4 deep troll shamans
  6 tengu warriors
  7 spriggan berserkers
  19 soul eaters
  9 wretched stars
  6 hell knights
  Nergalle (Orc:2)
  25 deep elf knights
  25 skeletal warriors
  53 sun demons (Pan)
  A titan skeleton (Vaults:5)
  A salamander mystic (Depths:1)
  14 iron trolls
  A bunyip zombie (Crypt:3)
  15 sixfirhies
  4 sun moths (Spider:4)
  2 pharaoh ants
  5 glowing orange brains
  A spatial maelstrom (Abyss:3)
  11 shadow wraiths
  A storm dragon skeleton (Vaults:1)
  2 cherubim (Pan)
  15 deep elf archers
  9 shadow demons (Pan)
  4 spriggan simulacra (Crypt:1)
  12 ironbound convokers
  7 sea snakes
  A spectral anaconda (Lair:6)
  A sea snake (shapeshifter) (Vaults:5)
  8 flayed ghosts
  3 bog bodies (Crypt:1)
  70 deep trolls
  14 lindwurms
  12 phantasmal warriors
  An obsidian statue (Lair:6)
  4 steelbarb worms
  13 necromancers
  17 wizards
  A wolf spider zombie (D:15)
  25 orb spiders
  34 deep elf zephyrmancers
  A fenstrider witch simulacrum (Crypt:1)
  29 harpies
  7 orc knights
  20 wolf spiders
  32 deep elf pyromancers
  5 moths of wrath
  16 fauns
  2 salamanders (Depths:1)
  10 orc sorcerers
  6 shining eyes
  7 cyclopes
  30 elephants
  16 manticores
  45 ugly things
  A moth of wrath (shapeshifter) (Elf:2)
  A cyclops (shapeshifter) (Elf:1)
  2 stone giant zombies
  A stone giant skeleton (Pan)
  A naga mage (D:15)
  2 black mambas
  2 apocalypse crabs
  A human skeleton (Vaults:5)
  6 water nymphs
  2 dire elephant zombies
  19 vault sentinels
  14 merfolk sirens
  A rust devil (Pan)
  A centaur skeleton (Crypt:1)
  4 molten gargoyles (Elf:1)
  21 smoke demons
  5 ice statues (Pan)
  4 eyes of devastation
  21 orange demons (Pan)
  A gargoyle (D:12)
  7 torpor snails
  Joseph (D:7)
  3 dire elephant skeletons
  A spectral sea snake (Shoals:4)
  9 cane toads
  3 kobold demonologists
  2 orb spider zombies
  3 storm dragon simulacra
  21 demonic crawlers
  2 unseen horrors
  A hellion (Pan)
  4 ice devils (Pan)
  36 yaktaurs
  5 rime drakes
  6 efreet (Pan)
  A bunyip simulacrum (Crypt:1)
  6 komodo dragons
  An anaconda simulacrum (Crypt:1)
  2 tormentors (Pan)
  4 tengu conjurers
  An iron giant simulacrum (Crypt:3)
  3 guardian mummies (Crypt:3)
  A yaktaur zombie (Vaults:5)
  2 minotaur skeletons (Crypt:1)
  7 hellwings
  5 ancient zymes (Abyss:3)
  A silent spectre (Abyss:3)
  20 freezing wraiths
  3 red devils (Pan)
  An unseen horror skeleton (Crypt:2)
  A shadow dragon simulacrum (Crypt:1)
  10 trolls
  8 hornets
  7 meliai
  23 wind drakes
  2 harpy zombies
  A wind drake (shapeshifter) (Elf:2)
  A queen bee (Lair:1)
  46 merfolk
  A polar bear (Lair:6)
  Grinder (D:4)
  26 tarantellas
  A spriggan zombie (Depths:1)
  3 raiju
  A death drake zombie (Crypt:1)
  A jumping spider zombie (Crypt:3)
  28 dream sheep
  116 slime creatures
  An iron dragon simulacrum (Crypt:1)
  4 blink frogs
  An ettin zombie (Crypt:3)
  35 jumping spiders
  5 snapping turtles
  2 air elementals (Elf:2)
  6 flying skulls (Crypt:2)
  22 culicivoras
  A shadow (D:10)
  2 centaur simulacra (Crypt:1)
  8 spriggans
  11 wraiths
  A vampire (D:13)
  9 water elementals
  25 ynoxinuls
  2 ettin skeletons (Abyss:3)
  3 fire elementals
  32 large abominations
  40 yaks
  4 naga simulacra
  Eustachio (D:4)
  4 wyverns
  Grum (D:8)
  2 ushabtiu (Crypt:3)
  13 golden eyes
  3 basilisks
  16 chaos spawn
  A wind drake skeleton (Crypt:3)
  A steam dragon (D:8)
  11 vampire mosquitoes
  44 redbacks
  13 neqoxecs
  2 wargs (D:10)
  Menkaure (D:6)
  7 small abominations
  3 harpy simulacra (Crypt:1)
  Edmund (D:4)
  A merfolk zombie (Crypt:3)
  5 acid dragons
  15 water moccasins
  4 spectral snapping turtles (Shoals:4)
  A faun skeleton (Crypt:1)
  4 floating eyes
  A merfolk skeleton (Crypt:1)
  2 black bears
  A naga skeleton (Pan)
  16 orc warriors
  A hornet zombie (D:15)
  A dream sheep zombie (Crypt:2)
  3 ice beasts
  A manticore zombie (Crypt:2)
  4 wolves (D:8)
  15 ogres
  An ogre (shapeshifter) (Vaults:5)
  8 boggarts
  10 centaurs
  2 ettin simulacra
  A lindwurm skeleton (Crypt:2)
  A phantom (D:6)
  A swamp dragon skeleton (Crypt:1)
  An elf zombie (Ossuary)
  A vine stalker zombie (Crypt:2)
  A draconian zombie (Crypt:2)
  A salamander zombie (Crypt:1)
  A bullfrog (shapeshifter) (Depths:1)
  2 gnoll sergeants
  2 kobold brigands
  14 bullfrogs
  3 necrophages (Crypt:1)
  2 scorpions
  A wyvern zombie (Crypt:2)
  5 earth elementals
  5 wights (D:8)
  A warg skeleton (Crypt:3)
  An elephant simulacrum (Lair:6)
  31 killer bees
  6 electric eels
  2 spriggan skeletons
  6 howler monkeys
  4 centaur zombies
  2 quasits
  15 starcursed masses
  3 human zombies
  A jelly (D:7)
  A hound (D:7)
  18 orc priests
  A gnoll shaman (D:9)
  Natasha (thrice) (D:4)
  6 iguanas
  36 orc wizards
  6 hell rats (Lair:3)
  An ice beast zombie (Crypt:3)
  2 mummies (Ossuary)
  8 gnolls
  8 adders
  2 shadow imps
  3 white imps
  2 ufetubi
  3 adder zombies (Ossuary)
  2 worms (D:3)
  A dart slug (D:1)
  65 orcs
  5 endoplasms
  3 giant cockroaches
  8 goblins
  11 hobgoblins
  4 jackals (D:2)
  4 quokkas
  5 ball pythons
  8 bats
  A frilled lizard (D:3)
  A frilled lizard skeleton (Crypt:3)
  A frilled lizard zombie (Crypt:3)
  2 goblin zombies (Ossuary)
  8 hobgoblin zombies (Ossuary)
  A jackal zombie (Ossuary)
  14 kobolds
  9 kobold zombies
  10 orc zombies
  6 rats
  A rat zombie (Ossuary)
  A river rat skeleton (Crypt:3)
  A ball lightning (Pan)
  7 starspawn tentacles
  3 tentacles (Shoals:4)
3024 creatures vanquished.

Vanquished Creatures (collateral kills)
  A pandemonium lord (Pan)
  A bone dragon (Abyss:3)
  A tentacled monstrosity (Pan)
  A deep elf blademaster (Crypt:3)
  A titan (Pan)
  A fire giant (Crypt:3)
  4 cacodemons (Pan)
  2 balrugs (Pan)
  A very ugly thing (Pan)
  An ettin (Abyss:3)
  2 green deaths (Pan)
  3 blizzard demons (Pan)
  A thrashing horror (Abyss:3)
  3 soul eaters (Pan)
  3 sun demons (Pan)
  2 wretched stars (Abyss:3)
  3 sixfirhies (Pan)
  3 large abominations (Pan)
  A deep elf pyromancer (Crypt:3)
  A deep elf zephyrmancer (Crypt:3)
  An ugly thing (Pan)
  An eye of devastation (Pan)
  6 smoke demons
  3 orange demons (Pan)
  A red devil (Pan)
  An ice devil (Pan)
  2 wind drakes (Pan)
  An ettin zombie (Abyss:3)
  3 ynoxinuls (Pan)
  4 neqoxecs (Pan)
  2 chaos spawn (Pan)
  2 spatial vortices (Abyss:3)
  A floating eye (Pan)
  2 small abominations (Abyss:3)
  8 starcursed masses (Abyss:3)
  A white imp (Abyss:3)
75 creatures vanquished.

Vanquished Creatures (others)
  A caustic shrike (Depths:4)
  A deep elf annihilator (Pan)
  A green death (Pan)
  An ice dragon (Depths:2)
  A vault guard (Vaults:5)
  A spriggan air mage (Pan)
  An orb spider (Spider:4)
  2 deep elf zephyrmancers
  2 wolf spiders (Spider:4)
  A hellwing (Pan)
  A harpy zombie (Crypt:1)
  A jumping spider (Spider:2)
  A wraith (Crypt:1)
  A human (Crypt:2)
  A ynoxinul (Pan)
  2 golden eyes
  2 redbacks
  A fire bat skeleton (Crypt:3)
  A hell rat (Lair:3)
  2 orcs
  8 ball lightnings (Pan)
  53 fungi
  109 plants
  8 starspawn tentacles (Abyss:1)
  A tentacle (Shoals:4)
  16 withered plants (Lair:6)
220 creatures vanquished.

Grand Total: 3319 creatures vanquished

Notes
Turn   | Place    | Note
-------+----------+-------------------------------------------
     0 | D:1      | vineage the Gargoyle Fighter began the quest for the Orb.
     0 | D:1      | Reached XP level 1. HP: 14/14 MP: 1/1
   107 | D:1      | Reached XP level 2. HP: 19/19 MP: 2/2
   437 | D:1      | Found Rasul's Book Shop.
   968 | D:1      | Reached XP level 3. HP: 24/24 MP: 3/3
  1219 | D:2      | Found a faded altar of an unknown god.
  1474 | D:2      | Noticed a scorpion
  1483 | D:2      | Killed a scorpion
  1484 | D:2      | Reached XP level 4. HP: 26/30 MP: 4/4
  1635 | D:2      | Reached XP level 5. HP: 34/34 MP: 5/5
  2410 | D:4      | Identified the ring of Nobility {Fly rF- Str+2 Slay+3 SInv}
  2429 | D:4      | Noticed Eustachio
  2431 | D:4      | Noticed Grinder
  2458 | D:4      | Killed Eustachio
  2459 | D:4      | Reached skill level 5 in Fighting
  2459 | D:4      | Reached XP level 6. HP: 40/40 MP: 6/6
  2463 | D:4      | Killed Grinder
  2464 | D:4      | Reached XP level 7. HP: 45/45 MP: 7/7
  2547 | D:4      | Identified a scroll of acquirement
  2547 | D:4      | Acquired 427 gold pieces
  2575 | D:4      | Noticed Edmund
  2589 | D:4      | Killed Edmund
  2590 | D:4      | Reached skill level 5 in Maces & Flails
  2686 | D:4      | Found a staircase to the Ecumenical Temple.
  2748 | Temple   | Entered the Ecumenical Temple
  2808 | Temple   | Became a worshipper of Warmaster Okawaru
  2892 | D:4      | Noticed Natasha
  2931 | D:4      | Killed Natasha
  3224 | D:4      | Noticed Natasha
  3232 | D:4      | Killed Natasha
  3288 | D:4      | Noticed Natasha
  3295 | D:4      | Killed Natasha
  3296 | D:4      | Reached skill level 5 in Armour
  3296 | D:4      | Reached skill level 5 in Shields
  3319 | D:5      | Entered Level 5 of the Dungeon
  3435 | D:5      | Found a bloodstained altar of Trog.
  3527 | D:5      | Reached XP level 8. HP: 52/52 MP: 8/8
  3932 | D:6      | Reached * piety under Okawaru
  4143 | D:6      | Noticed Menkaure
  4147 | D:6      | Killed Menkaure
  4161 | D:6      | Reached XP level 9. HP: 59/59 MP: 9/9
  4187 | D:6      | Reached ** piety under Okawaru
  4192 | D:6      | Found a sand-covered staircase.
  4196 | Ossuary  | Entered an ossuary
  4918 | D:7      | Noticed Joseph
  4947 | D:7      | Killed Joseph
  5451 | D:7      | Acquired the +1 buckler of Perpetual Drought {Fly rElec
                  | Regen+ Dex+7}
  5769 | D:8      | Reached *** piety under Okawaru
  6089 | D:8      | Reached XP level 10. HP: 66/66 MP: 10/10
  6112 | D:8      | Reached skill level 1 in Invocations
  6168 | D:8      | Found a staircase to the Lair.
  6174 | D:8      | Reached **** piety under Okawaru
  6361 | D:8      | Noticed Grum
  6368 | D:8      | Reached skill level 10 in Fighting
  6385 | D:8      | Killed Grum
  6497 | D:9      | Reached ***** piety under Okawaru
  6654 | D:9      | Noticed a two-headed ogre
  6664 | D:9      | Killed a two-headed ogre
  6665 | D:9      | Reached XP level 11. HP: 65/73 MP: 10/13
  6683 | D:9      | Noticed a two-headed ogre
  6704 | D:9      | Killed a two-headed ogre
  6705 | D:9      | Reached skill level 10 in Maces & Flails
  6708 | D:9      | Identified the +0 hat of Kaxtuokoj {Int+3} (Okawaru gifted
                  | it to you on level 9 of the Dungeon)
  6708 | D:9      | Received a gift from Okawaru
  6752 | D:9      | Noticed a two-headed ogre
  6771 | D:9      | Killed a two-headed ogre
  6859 | D:9      | Found Neudoure's Jewellery Shoppe.
  6902 | D:9      | Noticed a wizard
  6921 | D:9      | Killed a wizard
  7011 | D:9      | Noticed a boulder beetle
  7031 | D:9      | Found a transporter.
  7032 | D:9      | Noticed Haaias's ghost (novice MiBe)
  7032 | D:9      | Noticed a two-headed ogre
  7038 | D:9      | Noticed a two-headed ogre
  7044 | D:9      | Identified the +8 great mace of Raahuc {protect, Str+4}
  7044 | D:9      | Noticed a two-headed ogre
  7045 | D:9      | Killed a boulder beetle
  7063 | D:9      | Found a transporter.
  7063 | D:9      | Noticed a two-headed ogre
  7343 | D:9      | Killed a two-headed ogre
  7348 | D:9      | Killed a two-headed ogre
  7349 | D:9      | Reached skill level 5 in Invocations
  7356 | D:9      | Killed a two-headed ogre
  7357 | D:9      | Killed a two-headed ogre
  7358 | D:9      | Reached XP level 12. HP: 41/81 MP: 8/15
  7364 | D:9      | Killed Haaias's ghost
  7462 | D:10     | Entered Level 10 of the Dungeon
  7465 | D:10     | Found Ruwnog's Assorted Antiques.
  7538 | D:10     | Found Bihuefu's Overcharged Wands.
  7674 | D:10     | Found a staircase to the Orcish Mines.
  7771 | D:10     | Identified the +5 scale mail of Izuethrif {-Cast +Inv rPois
                  | Int-4}
  8296 | D:11     | Gained mutation: Your body sometimes deteriorates upon
                  | taking damage. [potion of mutation]
  8296 | D:11     | Gained mutation: Armour fits poorly on your strangely
                  | shaped body. [potion of mutation]
  8320 | D:11     | Reached ****** piety under Okawaru
  8480 | D:11     | Noticed a two-headed ogre
  8488 | D:11     | Killed a two-headed ogre
  8488 | D:11     | Received a gift from Okawaru
  8776 | D:12     | Noticed a two-headed ogre
  8776 | D:12     | Noticed a two-headed ogre
  8777 | D:12     | Noticed a two-headed ogre
  8943 | D:12     | Noticed an ogre mage
  8958 | D:12     | Killed a two-headed ogre
  8963 | D:12     | Killed an ogre mage
  8970 | D:12     | Killed a two-headed ogre
  8970 | D:12     | Identified the +4 robe "Weomitz" {Str+3 Archmagi} (Okawaru
                  | gifted it to you on level 12 of the Dungeon)
  8970 | D:12     | Received a gift from Okawaru
  8972 | D:12     | Killed a two-headed ogre
  9017 | D:12     | Reached XP level 13. HP: 88/88 MP: 18/18
  9240 | D:12     | Reached skill level 10 in Shields
  9505 | Lair:1   | Entered Level 1 of the Lair of Beasts
  9597 | Lair:1   | Identified the +8 whip of Somewhere Else {flame, rN+}
  9630 | Lair:1   | Reached skill level 10 in Armour
 10825 | Lair:2   | Found a hole to the Spider Nest.
 10925 | Lair:2   | Received a gift from Okawaru
 11905 | Lair:3   | Found a staircase to the Shoals.
 13181 | Lair:5   | Gained mutation: Your large and strong wings let you fly.
                  | [Gargoyle growth]
 13181 | Lair:5   | Reached XP level 14. HP: 96/96 MP: 19/19
 13284 | Lair:5   | Reached skill level 15 in Fighting
 13498 | Lair:5   | Acquired 940 gold pieces
 13683 | D:10     | Bought the +3 pair of gauntlets of War {Slay+5} for 1377
                  | gold pieces
 13683 | D:10     | Found the +3 pair of gauntlets of War {Slay+5}
 14405 | Lair:6   | Entered Level 6 of the Lair of Beasts
 14433 | Lair:5   | Received a gift from Okawaru
 14484 | Lair:5   | Received a gift from Okawaru
 14957 | Lair:6   | Identified the +1 ring mail of Cushryl {rElec rPois Int+4}
                  | (Okawaru gifted it to you on level 6 of the Lair of Beasts)
 14957 | Lair:6   | Received a gift from Okawaru
 14967 | Lair:6   | Reached XP level 15. HP: 99/104 MP: 20/20
 15007 | Lair:6   | Found a viscous altar of Jiyva.
 15007 | Lair:6   | Found a staircase to the Slime Pits.
 15444 | Lair:6   | Reached skill level 15 in Maces & Flails
 15448 | Lair:6   | Identified the amulet "Idosmu Puets" {rElec Regen+}
 15848 | Orc:1    | Entered Level 1 of the Orcish Mines
 15857 | Orc:1    | Noticed Harold
 16078 | Orc:1    | Killed Harold
 16104 | Orc:1    | Found a runed translucent door.
 16104 | Orc:1    | Noticed Vudysif's ghost (journeyman GrFi)
 16196 | Orc:1    | Noticed Jorgrun
 16212 | Orc:1    | Killed Jorgrun
 16361 | Orc:1    | Killed Vudysif's ghost
 16390 | Orc:2    | Entered Level 2 of the Orcish Mines
 16539 | Orc:2    | Paralysed by an orc sorcerer for 3 turns
 16557 | Orc:2    | Paralysed by an orc sorcerer for 3 turns
 16616 | Orc:2    | Found a staircase to the Elven Halls.
 16795 | Orc:2    | Found Sehamakk's Book Shoppe.
 16815 | Orc:2    | Found an ancient bone altar of Kikubaaqudgha.
 16815 | Orc:2    | Noticed Nergalle
 16836 | Orc:2    | Killed Nergalle
 16849 | Orc:2    | Received a gift from Okawaru
 16983 | Orc:2    | Found a radiant altar of Vehumet.
 17059 | Orc:2    | Found Icry's Magic Scroll Shoppe.
 17090 | Orc:2    | Found Surrubi's Magic Scroll Emporium.
 17107 | Orc:2    | Found Enioq's Antique Armour Emporium.
 17547 | Orc:2    | Bought a jewelled cloak for 323 gold pieces
 17547 | Orc:2    | Identified the +1 cloak "Pothret" {rF+ Will- SInv} (You
                  | bought it in a shop on level 2 of the Orcish Mines)
 17547 | Orc:2    | Bought a pair of distressingly furry boots for 323 gold
                  | pieces
 17547 | Orc:2    | Identified the -2 pair of boots of the Great Game {Will+
                  | Dex+3 Stlth+} (You bought it in a shop on level 2 of the
                  | Orcish Mines)
 17715 | D:9      | Bought the ring "Voyjus" {Contam rF+ Str+2 Dex+6} for 1137
                  | gold pieces
 17929 | D:13     | Found a gate to the Vaults.
 18627 | D:13     | Found an iron altar of Okawaru.
 18741 | D:13     | Acquired the +6 morningstar of the Stopping Seeker {flame,
                  | rF++ MP+9 Int-2 Stlth+}
 19146 | D:14     | Reached XP level 16. HP: 14/112 MP: 21/21
 19619 | D:15     | Entered Level 15 of the Dungeon
 19646 | D:15     | Paralysed by an ogre mage for 3 turns
 19850 | D:15     | Received a gift from Okawaru
 19900 | D:15     | Found a staircase to the Depths.
 20493 | Shoals:1 | Entered Level 1 of the Shoals
 20680 | Spider:1 | Entered Level 1 of the Spider Nest
 20734 | Spider:1 | Identified the +9 gold dragon scales of Baatzufral {Rampage
                  | *Slow rPois rF+ rC+ Will+ Str+5} (Okawaru gifted it to you
                  | on level 1 of the Spider Nest)
 20734 | Spider:1 | Received a gift from Okawaru
 21914 | Spider:2 | Reached XP level 17. HP: 90/120 MP: 22/22
 21982 | Spider:2 | Noticed Xyofuoq's ghost (adept GnIE)
 22070 | Spider:2 | Identified the +8 demon whip of Vuhuabai {venom, rElec
                  | Int+4} (Okawaru gifted it to you on level 2 of the Spider
                  | Nest)
 22070 | Spider:2 | Received a gift from Okawaru
 22249 | Spider:2 | Found a runed translucent gate.
 22249 | Spider:2 | Found a runed translucent gate.
 22250 | Spider:2 | Found a runed translucent gate.
 22901 | Spider:2 | Killed Xyofuoq's ghost
 23377 | Spider:2 | Identified the +0 ring mail "Donefago" {+Blink Dex+3}
                  | (Okawaru gifted it to you on level 2 of the Spider Nest)
 23377 | Spider:2 | Received a gift from Okawaru
 23734 | Spider:4 | Entered Level 4 of the Spider Nest
 23754 | Spider:4 | Noticed Arachne
 23916 | Spider:3 | Killed Arachne
 24712 | Spider:4 | Identified the +9 mace of Immorality {drain, rF++ rC++
                  | SInv} (Okawaru gifted it to you on level 4 of the Spider
                  | Nest)
 24712 | Spider:4 | Received a gift from Okawaru
 24812 | Spider:3 | HP: 5/120 [spark wasp (11)]
 24812 | Spider:3 | HP: 1/120 [spark wasp (4)]
 24817 | Spider:3 | HP: 5/120 [jorogumo (11)]
 24973 | Spider:3 | Reached XP level 18. HP: 80/126 MP: 2/23
 25473 | Spider:4 | Got a gossamer rune of Zot
 25688 | Spider:4 | Found a runed translucent gate.
 25716 | Spider:4 | Found a runed translucent gate.
 25717 | Spider:4 | Found a runed translucent gate.
 25721 | Spider:4 | Noticed Unats's ghost (adept MiFi)
 25910 | Spider:4 | Identified the +4 pair of boots of Xaus {rF+ Will+ rCorr
                  | Int-4}
 26126 | Spider:4 | Killed Unats's ghost
 26134 | Spider:4 | Identified the +9 eveningstar of Pioch {vorpal, rC+ rN+
                  | Int+2 Stlth-} (Okawaru gifted it to you on level 4 of the
                  | Spider Nest)
 26134 | Spider:4 | Received a gift from Okawaru
 26197 | Spider:4 | Identified the +1 pair of gloves "Mufucato" {rPois Str+2}
 26531 | Elf:1    | Entered Level 1 of the Elven Halls
 26767 | Elf:1    | Reached skill level 15 in Shields
 26919 | Elf:1    | Found Lomm's Antique Weapon Emporium.
 27000 | Elf:1    | Reached skill level 15 in Armour
 27044 | Elf:1    | Received a gift from Okawaru
 27415 | Elf:2    | Paralysed by an air elemental for 1 turns
 27610 | Elf:2    | Paralysed by an air elemental for 1 turns
 27614 | Elf:2    | Paralysed by an air elemental for 1 turns
 27673 | Elf:2    | Found a runed translucent gate.
 27673 | Elf:2    | Found a runed translucent gate.
 27674 | Elf:2    | Found a runed translucent gate.
 27980 | Elf:2    | Reached XP level 19. HP: 134/137 MP: 24/24
 28066 | Elf:2    | Received a gift from Okawaru
 28364 | Elf:3    | Entered Level 3 of the Elven Halls
 28636 | Elf:3    | Noticed a Brimstone Fiend
 28725 | Elf:3    | Noticed a Brimstone Fiend
 28773 | Elf:3    | Received a gift from Okawaru
 29064 | Elf:3    | Noticed a Brimstone Fiend
 29187 | Elf:3    | Identified the +2 trident of the Illusory Servitors
                  | {vorpal, MP+9 Int+4 Dex-2}
 29191 | Elf:3    | Identified the ring "Unioh" {Ice rElec rPois Will+}
 29266 | Elf:3    | Got the Disquisition on the Burning Entourage
 29300 | Elf:3    | Got the Volume of Weightlessness and the Voyage
 29325 | Elf:3    | Identified the +1 battleaxe of the Jester {vorpal, rElec
                  | rN+ Str-3}
 29342 | Elf:3    | Got Qorrodos's Reference Book on Lightness and Cold
 29353 | Elf:3    | Identified the ring of Geirphul {Contam rPois Will+ Str+6
                  | Dex+4}
 29573 | Elf:3    | Received a gift from Okawaru
 29870 | Elf:3    | Identified the +2 ice dragon scales of Foolhardiness {Fly
                  | rF- rC++ Will+ Str-5}
 30198 | Vaults:1 | Entered Level 1 of the Vaults
 31204 | Vaults:1 | Noticed Zenata
 31217 | Vaults:1 | Killed Zenata
 31370 | Vaults:1 | Reached XP level 20. HP: 145/145 MP: 25/25
 31769 | Vaults:1 | Noticed Donald
 31773 | Vaults:1 | Noticed Nikola
 31774 | Vaults:1 | Killed Donald
 31781 | Vaults:1 | Killed Nikola
 32057 | Vaults:1 | Identified the +7 eveningstar of the Holding Pill Bug
                  | {flame, rF+ Str+2 Dex+3 Stlth-} (Okawaru gifted it to you
                  | on level 1 of the Vaults)
 32057 | Vaults:1 | Received a gift from Okawaru
 32767 | Vaults:2 | Received a gift from Okawaru
 33647 | Vaults:2 | Noticed Asterion
 33662 | Vaults:2 | Killed Asterion
 33662 | Vaults:2 | Received a gift from Okawaru
 33663 | Vaults:2 | Reached XP level 21. HP: 58/153 MP: 26/26
 34184 | Vaults:3 | Identified the +1 pair of boots of Responsibility {rElec
                  | Slay+2} (Okawaru gifted it to you on level 3 of the Vaults)
 34184 | Vaults:3 | Received a gift from Okawaru
 34470 | Vaults:3 | Found a staircase to the Crypt.
 35097 | Vaults:3 | Lost mutation: Armour fits poorly on your strangely shaped
                  | body. [potion of mutation]
 35097 | Vaults:3 | Lost mutation: Your body sometimes deteriorates upon taking
                  | damage. [potion of mutation]
 35097 | Vaults:3 | Gained mutation: Your spells are a little harder to cast,
                  | but a little more powerful. [potion of mutation]
 35097 | Vaults:3 | Gained mutation: Your spells are harder to cast, but more
                  | powerful. [potion of mutation]
 35097 | Vaults:3 | Gained mutation: You are robust. (+10% HP) [potion of
                  | mutation]
 35139 | Vaults:4 | Identified the +7 scimitar of Fear {vorpal, rPois}
 35941 | Vaults:4 | Received a gift from Okawaru
 36583 | Vaults:4 | Reached XP level 22. HP: 171/177 MP: 27/27
 36586 | Vaults:4 | Received a gift from Okawaru
 36681 | Vaults:5 | Entered Level 5 of the Vaults
 36681 | Vaults:5 | Noticed a golden dragon
 36874 | Vaults:5 | Noticed a dread lich
 36879 | Vaults:5 | Noticed an ancient lich
 36897 | Vaults:5 | Killed an ancient lich
 36897 | Vaults:5 | Identified the +1 animal skin of the Vestibule of Hell {Fly
                  | Slay+3} (Okawaru gifted it to you on level 5 of the Vaults)
 36897 | Vaults:5 | Received a gift from Okawaru
 37083 | Vaults:5 | Killed a golden dragon
 37201 | Vaults:5 | Killed a dread lich
 37218 | Vaults:5 | Identified the +3 leather armour "Nustih" {rC+}
 37565 | Vaults:5 | Got a silver rune of Zot
 37767 | Vaults:5 | Identified the ring of Hete {rElec rN+ Will- AC+4 Str+8}
 37843 | Vaults:5 | Received a gift from Okawaru
 37928 | Vaults:5 | Reached XP level 23. HP: 187/187 MP: 28/28
 37953 | Vaults:5 | Noticed a golden dragon
 37968 | Vaults:5 | Identified the +7 hunting sling of Blood {freeze, rN+
                  | Dex+4}
 37982 | Vaults:5 | Killed a golden dragon
 39814 | Shoals:2 | Found Dakesiq's Antique Armour Emporium.
 39923 | Shoals:2 | Found Vahiatz's Antique Weapon Shoppe.
 40003 | Shoals:2 | Received a gift from Okawaru
 40475 | Shoals:2 | Found Qatiar's Assorted Antiques.
 40779 | Shoals:3 | Found Hiroj's Jewellery Emporium.
 41199 | Shoals:4 | Entered Level 4 of the Shoals
 41286 | Shoals:4 | Found a transporter.
 41288 | Shoals:4 | Found Okinek's Book Shoppe.
 41290 | Shoals:4 | Found a transporter.
 41290 | Shoals:4 | Noticed Bai Suzhen
 41294 | Shoals:4 | Noticed kMk's ghost (adept OgCj)
 41302 | Shoals:4 | Killed Bai Suzhen
 41587 | Shoals:4 | Noticed Ilsuiw
 41678 | Shoals:4 | Received a gift from Okawaru
 41889 | Shoals:4 | Noticed Louise
 41895 | Shoals:4 | Killed Louise
 41905 | Shoals:4 | Noticed Polyphemus
 41920 | Shoals:4 | Killed Polyphemus
 41970 | Shoals:4 | Reached XP level 24. HP: 195/195 MP: 28/28
 42003 | Shoals:4 | Killed Ilsuiw
 42377 | Shoals:4 | Killed kMk's ghost
 42419 | Shoals:4 | Identified the ring "Godiyxow" {rPois rN+ Will+ Str+3
                  | Dex-5}
 42486 | Shoals:4 | Got a barnacled rune of Zot
 42676 | Slime:1  | Entered Level 1 of the Pits of Slime
 42752 | Slime:1  | Received a gift from Okawaru
 42865 | Slime:1  | You are sucked into a shaft and drop 1 floor!
 42887 | Slime:2  | Gained mutation: You are dopey. (Int -2) [a shining eye]
 42892 | Slime:2  | Gained mutation: You are weak. (Str -2) [a shining eye]
 42896 | Slime:2  | Gained mutation: You tend to lose your temper in combat. [a
                  | shining eye]
 43424 | Slime:3  | Gained mutation: Armour fits poorly on your strangely
                  | shaped body. [a shining eye]
 44216 | Slime:4  | Identified the +2 robe of the Fiddle {Fly} (Okawaru gifted
                  | it to you on level 4 of the Pits of Slime)
 44216 | Slime:4  | Received a gift from Okawaru
 45243 | Slime:5  | Entered Level 5 of the Pits of Slime
 45334 | Slime:4  | Acquired 794 gold pieces
 45367 | Slime:5  | Gained mutation: You are very dopey. (Int -4) [a shining
                  | eye]
 45372 | Slime:5  | Gained mutation: You often lose your temper in combat. [a
                  | shining eye]
 45375 | Slime:5  | Noticed the Royal Jelly
 45386 | Slime:5  | Gained mutation: Your body sometimes deteriorates upon
                  | taking damage. [a shining eye]
 45390 | Slime:4  | Gained mutation: You are very weak. (Str -4) [a shining
                  | eye]
 46054 | Arena    | Entered the Arena
 46066 | Arena    | Killed the Royal Jelly
 46398 | Slime:5  | Identified the +9 battleaxe of Uncertain Death {spect,
                  | Contam rElec rF+}
 46455 | Slime:5  | Identified the ring "Loets" {EV+4 Str+4 Dex+4}
 46466 | Slime:5  | Got a slimy rune of Zot
 47619 | Temple   | Fell from the grace of Okawaru
 47619 | Temple   | Became a worshipper of the Shining One
 48151 | Crypt:1  | Entered Level 1 of the Crypt
 48165 | Crypt:1  | Reached * piety under the Shining One
 48183 | Crypt:1  | Reached skill level 27 in Fighting
 48203 | Crypt:1  | Reached ** piety under the Shining One
 48252 | Crypt:1  | Reached *** piety under the Shining One
 48258 | Crypt:1  | Reached XP level 25. HP: 205/205 MP: 28/28
 48258 | Crypt:1  | Noticed Xtahua
 48274 | Crypt:1  | Killed Xtahua
 48297 | Crypt:1  | Reached **** piety under the Shining One
 48492 | Crypt:1  | Found a basalt altar of Yredelemnul.
 48616 | Crypt:1  | Reached ***** piety under the Shining One
 48748 | Crypt:1  | Reached ****** piety under the Shining One
 48800 | Crypt:1  | Identified the +0 ring mail of Repulsion {Contam rF+ rN++}
 48815 | Crypt:1  | Identified a +7 sacred scourge of holy wrath (a +5 demon
                  | whip blessed by the Shining One)
 48815 | Crypt:1  | Received a gift from the Shining One
 49060 | Crypt:2  | Noticed a dread lich
 49096 | Crypt:2  | Killed a dread lich
 49552 | Crypt:2  | Lost mutation: Your body sometimes deteriorates upon taking
                  | damage. [potion of mutation]
 49552 | Crypt:2  | Lost mutation: You are very weak. (Str -4) [potion of
                  | mutation]
 49552 | Crypt:2  | Lost mutation: You are weak. (Str -2) [potion of mutation]
 49552 | Crypt:2  | Gained mutation: You are strong-willed. (Will+) [potion of
                  | mutation]
 49728 | Crypt:2  | Found a runed door.
 50095 | Crypt:2  | Noticed an ancient lich
 50096 | Crypt:2  | Noticed an ancient lich
 50106 | Crypt:2  | Killed an ancient lich
 50109 | Crypt:2  | Killed an ancient lich
 50179 | Crypt:2  | Identified the +0 pair of gloves of Reeng {Fly rC- Regen+}
 50195 | Crypt:2  | Identified the +0 cloak of Fuash {Dex+6 Stlth+}
 50302 | Crypt:3  | Entered Level 3 of the Crypt
 50731 | Crypt:3  | Found an ancient bone altar of Kikubaaqudgha.
 50731 | Crypt:3  | Found a basalt altar of Yredelemnul.
 50801 | Crypt:3  | Identified the +1 robe "Dirot" {-Tele Rampage rCorr
                  | Archmagi}
 50809 | Crypt:3  | Identified the ring "Fato" {rC+ SInv}
 50905 | Crypt:3  | Noticed Sojobo
 50923 | Crypt:3  | Killed Sojobo
 50986 | Crypt:3  | Reached XP level 26. HP: 189/212 MP: 30/30
 51148 | Crypt:3  | Found a staircase to the Tomb.
 51927 | Depths:1 | Entered Level 1 of the Depths
 51962 | Depths:1 | Noticed Mara
 52006 | Depths:1 | Noticed vineage's illusion
 52044 | Depths:1 | Noticed vineage's illusion
 52057 | Depths:1 | Killed Mara
 52144 | Depths:1 | Reached skill level 10 in Invocations
 52744 | Depths:1 | Found a gateway to Hell.
 52928 | Depths:2 | Found a one-way gate leading to the halls of Pandemonium.
 53243 | Depths:2 | Found a stormy altar of Qazlal.
 53377 | Depths:2 | Got the Almanac of Translocation and Conjuration
 53386 | Depths:2 | Got Yluefik's Papyrus of Darkness and Battle Magic
 53824 | Depths:2 | Reached skill level 27 in Maces & Flails
 53869 | Depths:2 | Was forgiven by Okawaru
 53975 | Depths:2 | Identified the +9 executioner's axe of Causality {flame,
                  | rC++ Str+9 Int-4 Dex-5}
 54583 | Depths:3 | Found a one-way gateway to a ziggurat.
 54750 | Depths:3 | Identified the +2 chain mail "Ritefuaq" {Drain rN++ Will+
                  | Dex+2}
 55079 | Depths:3 | Found a one-way gate to the infinite horrors of the Abyss.
 55110 | Depths:3 | Reached XP level 27. HP: 218/218 MP: 32/32
 55661 | Depths:3 | Found a basalt altar of Yredelemnul.
 55678 | Depths:4 | Entered Level 4 of the Depths
 55831 | Depths:4 | Found a gate to the Realm of Zot.
 56588 | Depths:4 | Found Ruczetiq's Distillery.
 56611 | Depths:4 | Bought a potion of resistance for 230 gold pieces
 56611 | Depths:4 | Bought a potion of haste for 230 gold pieces
 56611 | Depths:4 | Bought a potion of might for 92 gold pieces
 56611 | Depths:4 | Bought 2 potions of curing for 138 gold pieces
 56611 | Depths:4 | Bought a potion of ambrosia for 184 gold pieces
 56611 | Depths:4 | Bought a potion of curing for 69 gold pieces
 56611 | Depths:4 | Bought 2 potions of curing for 138 gold pieces
 56662 | Depths:4 | Found Utzax's Book Shoppe.
 56663 | Depths:4 | Found Yzxeschax's Jewellery Shop.
 56664 | Depths:4 | Found Bazxiar's Book Shoppe.
 56696 | Depths:4 | Found a glowing golden altar of the Shining One.
 57013 | Depths:3 | Voluntarily entered the Abyss.
 57013 | Abyss:1  | Found a corrupted altar of Lugonu.
 57174 | Abyss:1  | Found a corrupted altar of Lugonu.
 57223 | Abyss:1  | Found a corrupted altar of Lugonu.
 57828 | Abyss:3  | Paralysed by a floating eye for 2 turns
 57840 | Abyss:3  | Got an abyssal rune of Zot
 57911 | Abyss:3  | Paralysed by accursed screaming for 1 turns
 57926 | Abyss:3  | Reached skill level 15 in Invocations
 57987 | Depths:3 | Escaped the Abyss
 58091 | Pan      | Entered Pandemonium
 58718 | Pan      | Noticed Onoeh the pandemonium lord
 58724 | Pan      | Killed Onoeh the pandemonium lord
 58895 | Pan      | Gained mutation: You sometimes lose the ability to read
                  | scrolls when taking damage. [a neqoxec]
 58897 | Pan      | Gained mutation: Potions are less effective at restoring
                  | your health. [a neqoxec]
 58932 | Pan      | Reached skill level 1 in Dodging
 59208 | Pan      | Noticed Goosch the pandemonium lord
 59218 | Pan      | Killed Goosch the pandemonium lord
 59333 | Pan      | Got a demonic rune of Zot
 59378 | Pan      | Identified the +7 dagger of Iptaa {vorpal, Str+3}
 59526 | Pan      | Gained mutation: Potions cannot restore your health. [a
                  | neqoxec]
 59626 | Pan      | Found an exit through the horrors of the Abyss.
 59660 | Pan      | Found an exit through the horrors of the Abyss.
 59888 | Pan      | Noticed Notsaj the pandemonium lord
 59907 | Pan      | Killed Notsaj the pandemonium lord
 60328 | Pan      | Entered the realm of Lom Lobon.
 61166 | Pan      | Noticed Lom Lobon
 61191 | Pan      | Killed Lom Lobon
 61216 | Pan      | Reached skill level 5 in Dodging
 61225 | Pan      | Got a magical rune of Zot
 61643 | Pan      | Found an exit through the horrors of the Abyss.
 61663 | Pan      | Entered the realm of Gloorx Vloq.
 61676 | Pan      | Noticed Gloorx Vloq
 61691 | Pan      | Killed Gloorx Vloq
 61757 | Pan      | Got a dark rune of Zot
 61934 | Pan      | Identified the +10 short sword of the Blessed Realm {venom,
                  | rF+}
 62423 | Pan      | Found an exit through the horrors of the Abyss.
 62701 | Pan      | Noticed Omea the pandemonium lord
 62707 | Pan      | Killed Omea the pandemonium lord
 62800 | Pan      | Found an exit through the horrors of the Abyss.
 62975 | Pan      | Entered the realm of Mnoleg.
 63030 | Pan      | Acquired a manual of Throwing
 63093 | Pan      | Lost mutation: You are robust. (+10% HP) [a neqoxec]
 63124 | Pan      | Noticed Mnoleg
 63130 | Pan      | Paralysed by a floating eye for 2 turns
 63143 | Pan      | Paralysed by a floating eye for 2 turns
 63147 | Pan      | Killed Mnoleg
 63156 | Pan      | Gained mutation: You have hidden genetic defects. [a
                  | shining eye]
 63163 | Pan      | Lost mutation: Your spells are harder to cast, but more
                  | powerful. [a cacodemon]
 63165 | Pan      | Gained mutation: You are clumsy. (Dex -2) [a shining eye]
 63218 | Pan      | Got a glowing rune of Zot
 63244 | Pan      | Identified the +2 scale mail of the Quahog {Will++ rCorr}
 63255 | Pan      | Paralysed by a floating eye for 4 turns
 63306 | Pan      | Gained mutation: Your body sometimes deteriorates upon
                  | taking damage. [a shining eye]
 63309 | Pan      | Gained mutation: You have an uncontrollable temper. [a
                  | shining eye]
 63339 | Pan      | Paralysed by a floating eye for 2 turns
 63356 | Pan      | Gained mutation: You are very clumsy. (Dex -4) [a
                  | cacodemon]
 63383 | Pan      | Entered the realm of Cerebov.
 63405 | Pan      | Found an exit through the horrors of the Abyss.
 63605 | Pan      | Lost mutation: Your spells are a little harder to cast, but
                  | a little more powerful. [hidden defects]
 63630 | Pan      | Identified the +6 bardiche of Wavithex {speed, Str+5 Dex+3}
 63756 | Pan      | Got Cero Yla's Tome of Intoxication
 63773 | Pan      | Found the +6 sword of Cerebov {flame}
 63773 | Pan      | Noticed Cerebov
 63793 | Pan      | Killed Cerebov
 63815 | Pan      | Identified the +6 falchion of the Everdark {venom, *Rage
                  | rPois rF+++ Stlth+}
 63816 | Pan      | Identified the +6 rapier of Righteous Anger {vorpal,
                  | Stlth+}
 63835 | Pan      | Identified the amulet "Qeosar" {Acrobat rElec rC- Regen+}
 63868 | Pan      | Identified the +6 plate armour of the Gastropod {-Tele
                  | rElec Str+7}
 63870 | Pan      | Got a fiery rune of Zot
 64076 | Pan      | Gained mutation: You are weak. (Str -2) [hidden defects]
 64076 | Pan      | Lost mutation: You have hidden genetic defects. [hidden
                  | defects expressed]
 64329 | Pan      | Gained mutation: Your magical capacity is low. (-10% MP) [a
                  | cacodemon]
 64357 | Pan      | Found a runed translucent door.
 64361 | Pan      | Found a runed translucent door.
 64362 | Pan      | Gained mutation: Your magical capacity is very low. (-20%
                  | MP) [a neqoxec]
 64363 | Pan      | Found a runed translucent door.
 64364 | Pan      | Noticed Qynnuelytt the pandemonium lord
 64376 | Pan      | Killed Qynnuelytt the pandemonium lord
 64393 | Pan      | Identified the ring of the Slimy Rambutan {rN+ Dex+6}
 64402 | Pan      | Found a runed translucent door.
 64960 | Pan      | Found a glowing silver altar of Zin.
 64983 | Pan      | HP: 2/199 [daeva/divine providence (12)]
 64984 | Pan      | Killed from afar by a daeva

Illustrated notes

Levels and vault maps discovered:
D:1:      scummos_arrival_simple_fountains, layout_basic, serial_shops, shop
D:2:      layout_rooms, hellmonk_ecumenical_altar_lost_god
D:3:      layout_loops_ring, uniq_robin
D:4:      layout_rooms, lemuel_temple_firewalk_a, kennysheep_path_1,
          uniq_eustachio, uniq_grinder, uniq_edmund, uniq_natasha
D:5:      layout_cave_pools, overflow_temple_1_default
D:6:      layout_cave_pools, enter_ossuary_5, uniq_menkaure
D:7:      layout_cave_pods, uniq_joseph
D:8:      layout_basic, due_lair_maze_entry_diamond,
          eino_small_chamber_without_monster, dreamdust_wishing_well, uniq_grum
D:9:      minmay_s_stair_smasher, layout_loops_ring, gammafunk_ghost_smash,
          minmay_shop_enchanted_jewellery
D:10:     layout_roguey, erik_orc_4, serial_shops, nicolae_shop_window_shopping,
          skrybe_limestone_x, kennysheep_another_room,
          ebering_dispersal_statue_hall, nrook_pool_corridor,
          dreamdust_princess_bridge, chequers_serial_rivers_small_a,
          hangedman_decor_riveting, nicolae_shop_overcharged_wands
D:11:     layout_rooms, kennysheep_generic_room_15
D:12:     layout_gridville, kennysheep_big_empty_room
D:13:     layout_gridville, david_vaults_2, kennysheep_okawaru_gauntlet
D:14:     layout_basic, minmay_misc_feat_chi
D:15:     grunt_enter_depths_magical_seal, layout_basic,
          minmay_misc_feat_columns, nicolae_concentric_dashed_squares_wild
Temple:   regret_index_temple_sigil_plot
Lair:1:   layout_roguey, special_room [special_room_bee], grunt_megastairs_1
Lair:2:   layout_layer_cave, hellmonk_spider_entry_life_and_decay
Lair:3:   layout_long_grid, minmay_shoals_entry_beasts, serial_bayou_shore_a
Lair:4:   layout_regular_city, serial_bayou_lagoon_a
Lair:5:   nzn_winding_woodlands_medium [nzn_winding_woodlands_5x5_default,
          nzn_winding_woodlands_5x15_pathside_ponds,
          nzn_winding_woodlands_5x5_three, nzn_winding_woodlands_5x5_cross,
          nzn_winding_woodlands_center_lodge, nzn_winding_woodlands_5x5_default,
          nzn_winding_woodlands_hourglass, nzn_winding_woodlands_5x15_default,
          nzn_winding_woodlands_5x5_perimeter], layout_gridlike
Lair:6:   due_jungle_book, layout_gridlike, dpeg_slime_entry_enclosed_altar
Shoals:1: layout_shoals
Shoals:2: layout_shoals, serial_shops, shop_statue, nicolae_stop_n_shop_2,
          nicolae_shop_hallway_stairs, nicolae_shoals_loop_pool
Shoals:3: layout_shoals, serial_shops, nicolae_shop_crystal
Shoals:4: shoals_end_hangedman, layout_shoals, shoals_ilsuiw_ice,
          ebering_ghost_davey_jones, serial_shops, shop,
          nicolae_shoals_arrival_archipelago, uniq_polyphemus, uniq_louise,
          uniq_bai_suzhen
Spider:1: layout_spider_delve
Spider:2: layout_chambers, gammafunk_ghost_split
Spider:3: layout_spider_delve
Spider:4: johnstein_spider_rune_arachne_lair, gammafunk_ghost_tricky_traps,
          nicolae_spider_moth_buddies
Slime:1:  layout_caves
Slime:2:  layout_caves
Slime:3:  layout_caves
Slime:4:  layout_caves, special_room [special_room_jelly]
Slime:5
Orc:1:    hellmonk_paralyzer, layout_diamond_mine,
          hellmonk_ghost_happy_afterlife, uniq_harold, uniq_jorgrun
Orc:2:    kennysheep_orc_mage_school, layout_diamond_mine
Elf:1:    minmay_elf_arrival_circle, layout_loops_ring, serial_shops,
          nicolae_shop_crystal, hangedman_corner_corridor, drop_trap,
          nicolae_elf_w_pinch, minivault_8
Elf:2:    elven_hall_of_blades_hangedman_original
          [nicolae_blade_entry_crossed_weapons], layout_gridlike
Elf:3:    minmay_elf_hall_circle, layout_geoelf_castle, minivault_4
Vaults:1: nicolae_vaults_shelves_hall, v_misc_1, nicolae_vaults_arrows,
          vaults_dpeg_spiral, v_misc_29, v_misc_29, layout_vaults_chaotic_city,
          uniq_donald, uniq_zenata, uniq_nikola
Vaults:2: v_misc_28, v_rooms_1, v_rooms_4, nicolae_vaults_shelves_hall,
          v_rooms_3, grunt_vaults_hallway_short,
          nicolae_vaults_little_squares_4, nicolae_vaults_border_crossing,
          nicolae_vaults_asterisk, grunt_vaults_focal, layout_vaults_omnicross,
          uniq_asterion
Vaults:3: ontoclasm_vaults_ligature, ontoclasm_vaults_twist,
          vaults_mumra_chevron_long, nicolae_vaults_asterisk, vaults_room_pools,
          minmay_crypt_entry_simple_round, hangedman_vaults_capsules,
          vaults_room_guarded_vault, layout_vaults_omnigrid
Vaults:4: ontoclasm_vaults_bender, grunt_vaults_hallway_short, v_alt_pattern_2,
          nicolae_vaults_hallways_thing, v_misc_28, v_alt_pattern_4,
          vaults_dpeg_diagonal, vaults_standard_mumra_lines,
          nicolae_vaults_network_quincunx
          [nicolae_vaults_network_quincunx_subvault,
          nicolae_vaults_network_quincunx_subvault,
          nicolae_vaults_network_quincunx_subvault,
          nicolae_vaults_network_quincunx_subvault,
          nicolae_vaults_network_quincunx_subvault],
          nicolae_vaults_bisected_slash, v_pattern_2, grunt_vaults_swirl,
          st_octagons_2, serial_ice_b, nicolae_vaults_specimen_jars,
          layout_vaults_maze_bifur
Vaults:5
Crypt:1:  layout_rooms, basic_altar, st_chilly_death, uniq_xtahua
Crypt:2:  evilmike_wizard_prison, layout_misc_corridors,
          nicolae_crypt_statuary_hall, grunt_megastairs_3
Crypt:3:  lightli_unholy_cathedral, layout_chaotic_city,
          nicolae_tomb_entry_rubble_hallway, uniq_sojobo
Depths:1: layout_basic, grunt_hell_entry_dis_mu, moated_statue,
          minmay_three_doors, uniq_mara
Depths:2: minmay_the_grid_octo_2x2 [minmay_the_grid_octo_fat_diamond,
          minmay_the_grid_octo_clover_2, minmay_the_grid_octo_toaster,
          minmay_the_grid_octo_prize_square_snowflake], layout_cave_shapes,
          pf_dread_powers_of_hell, pan_entry, grunt_qazlal_clouds,
          infiniplex_staircase_9_rooms
Depths:3: dreamdust_tengu_aerie, layout_basic, enter_ziggurat_f,
          lemuel_crystal_altar, nicolae_abyss_entry_one_way_or_another,
          hell_entry
Depths:4: grunt_zot_entry_tricorne, layout_gridlike, tso_altar, serial_shops,
          nicolae_diamond_shop, grunt_mini_vestibule, minmay_shop_grove
Pan:      nicolae_pan_glass_arcs, layout_gridville, reaverb_pan_squares,
          nicolae_pan_mnolegish_3, grunt_pan_frozen_over, layout_onion_city,
          pan_blood_fountain_small, pan_blood_fountain_2,
          nicolae_pan_sigil_nadil, rand_demon_3, layout_irregular_city,
          pan_blood_fountain, lom_lobon_grunt_wind_tunnels,
          layout_irregular_city, pan_blood_fountain_2, evilmike_mini_pan_corner,
          layout_gridville, evilmike_gloorx_vloq_box, layout_gridville,
          nicolae_pan_sigil_uleosi, nicolae_pan_sick_transit, rand_demon_4,
          layout_pan_divisions_a [pan_division_quadrant_a6,
          pan_division_quadrant_a2, pan_division_quadrant_a5,
          pan_division_quadrant_a4, pan_division_octagon_rings],
          pan_blood_fountain_small, evilmike_mini_pan_T, layout_pan_divisions_b
          [pan_division_quadrant_b2, pan_division_quadrant_b1,
          pan_division_quadrant_b4, pan_division_quadrant_b4],
          pan_blood_fountain_small, evilmike_mini_pan_doors_b, layout_long_grid,
          pan_blood_fountain, evilmike_mnoleg_eyes, layout_stronghold,
          pan_blood_fountain_small, cerebov_grunt_fire_and_steel, layout_basic,
          rand_demon_7, layout_rooms, evilmike_holy_pan

Skill      XL: |  1  2  3  4  5  6  7  8  9 10 11 12 13 14 15 16 17 18 19 20 21 22 23 24 25 26 27 |
---------------+----------------------------------------------------------------------------------+-----
Fighting       | 4 5 6 7 9 10 12 13 14 16 17 18 19 21 22 23 24 25 26 27 | 27.0
Maces & Flails | 3 4 5 6 8 9 10 12 13 14 15 17 18 19 20 21 22 23 24 25 26 27 | 27.0
Shields        | 4 5 6 8 9 10 11 12 13 14 15 16 17 18 19 20 21 22 25 | 25.9
Armour         | 4 5 6 7 8 9 10 11 12 13 14 15 16 17 18 19 20 22 25 | 25.8
Invocations    | 3 5 6 7 9 12 19 | 19.0
Dodging        | 9 |  9.3

Action                   |  1- 3 |  4- 6 |  7- 9 | 10-12 | 13-15 | 16-18 | 19-21 | 22-24 | 25-27 || total
-------------------------+-------+-------+-------+-------+-------+-------+-------+-------+-------++-------
Melee: Flail             |   118 |    35 |   340 |    70 |       |       |       |       |       ||   563
       Mace              |       |    74 |    28 |       |       |       |       |       |       ||   102
       Punch             |       |       |     3 |       |       |       |       |       |       ||     3
       Morningstar       |       |       |       |   418 |    92 |  1147 |   328 |       |       ||  1985
       Whip              |       |       |       |       |  1178 |       |       |       |       ||  1178
       Eveningstar       |       |       |       |       |       |       |   943 |  1681 |  1631 ||  4255
       Sacred scourge    |       |       |       |       |       |       |       |       |  1540 ||  1540
Invok: Heroism           |       |       |     2 |    10 |    13 |    19 |    19 |    28 |       ||    91
       Finesse           |       |       |       |     1 |       |     3 |     1 |     4 |       ||     9
       Duel              |       |       |       |       |       |       |       |     1 |       ||     1
       Divine Shield     |       |       |       |       |       |       |       |       |    42 ||    42
       Brand Weapon With |       |       |       |       |       |       |       |       |     1 ||     1
       Summon Divine War |       |       |       |       |       |       |       |       |    15 ||    15
       Cleansing Flame   |       |       |       |       |       |       |       |       |     6 ||     6
  Use: Scroll            |     4 |     2 |    13 |     5 |     9 |     2 |     3 |     7 |     9 ||    54
       Potion            |       |     1 |     1 |     3 |     2 |     6 |     1 |     7 |    13 ||    34
 Stab: Sleeping          |       |       |       |       |     4 |     5 |       |       |       ||     9
       Petrifying        |       |       |       |       |       |       |       |     3 |       ||     3
       Petrified         |       |       |       |       |       |       |       |     1 |       ||     1
Armor: Scale mail        |    98 |    60 |   261 |   242 |   624 |    97 |       |       |       ||  1382
       Gold dragon scale |       |       |       |       |       |  1000 |   759 |  1576 |  1706 ||  5041
Dodge: Dodged            |    77 |    63 |   168 |   197 |   381 |   435 |   362 |   769 |   724 ||  3176
       Repelled          |       |       |       |       |       |    11 |     9 |    24 |     3 ||    47
Block: Buckler           |    37 |    32 |    56 |   182 |   451 |   724 |   588 |  1139 |  1956 ||  5165
       Kite shield       |       |       |    53 |       |       |       |       |       |       ||    53

Table legend: (Time is in decaauts)
 A = Elapsed time spent in this place.
 B = Non-inter-level travel time spent in this place.
 C = Inter-level travel time spent in this place.
 D = Time resting spent in this place.
 E = Time spent auto-exploring this place.
 F = Levels seen in this place.
 G = Mean time per level.
                   A        B        C        D        E       F      G
               +--------+--------+--------+--------+--------+-----+--------+
         Total |  62798 |  55517 |   7281 |   3892 |  34421 |  70 |  897.1 |
       Dungeon |  13636 |  10943 |   2693 |    674 |   7751 |  15 |  909.1 |
        Temple |    116 |     58 |     58 |      0 |     44 |   1 |  116.0 |
          Lair |   6266 |   5343 |    923 |     64 |   4319 |   6 | 1044.3 |
        Shoals |   3468 |   3180 |    288 |      0 |   2377 |   4 |  867.0 |
   Spider Nest |   5703 |   5185 |    518 |    968 |   2779 |   4 | 1425.8 |
    Slime Pits |   4041 |   3785 |    256 |   1443 |   1515 |   5 |  808.2 |
  Orcish Mines |   1624 |   1281 |    343 |     58 |    825 |   2 |  812.0 |
   Elven Halls |   3320 |   2890 |    430 |     36 |   1970 |   3 | 1106.7 |
        Vaults |   8636 |   7383 |   1253 |    153 |   5220 |   5 | 1727.2 |
         Crypt |   3138 |   2950 |    188 |     59 |   1816 |   3 | 1046.0 |
        Depths |   5078 |   4750 |    328 |    375 |   3186 |   4 | 1269.5 |
         Abyss |    945 |    945 |      0 |      0 |      0 |   3 |  315.0 |
   Pandemonium |   6558 |   6558 |      0 |     62 |   2521 |  13 |  504.5 |
       Ossuary |    233 |    233 |      0 |      0 |     97 |   1 |  233.0 |
         Arena |     29 |     29 |      0 |      0 |      0 |   1 |   29.0 |
               +--------+--------+--------+--------+--------+-----+--------+

Top non-repeatable levels by time:
Vaults:5: 2008 daAuts
Spider:4: 1913 daAuts
Vaults:1: 1819 daAuts
Depths:2: 1728 daAuts
Vaults:4: 1693 daAuts
Vaults:3: 1692 daAuts
   Elf:3: 1540 daAuts
Spider:2: 1507 daAuts
Vaults:2: 1422 daAuts
  Lair:2: 1386 daAuts
Spider:3: 1363 daAuts
   Orc:2: 1280 daAuts
     D:9: 1280 daAuts
Depths:4: 1272 daAuts
Shoals:4: 1241 daAuts
